 Dungeon Crawl Stone Soup version 0.26.0-10-g1f06aea511 (webtiles) character file.

Game seed: 2579817837330316401

46725 nightchill the Unseen (level 14, -8/95 HPs)
             Began as a Kobold Berserker on Feb 8, 2021.
             Was an Elder of Trog.
             Succumbed to poison (poison gas)
             ... on level 12 of the Dungeon on Feb 9, 2021.
             The game lasted 01:02:41 (21581 turns).

nightchill the Unseen (Kobold Berserker)           Turns: 21581, Time: 01:02:42

Health: -8/95      AC: 14    Str: 19    XL:     14   Next: 77%
Magic:  14/14      EV: 21    Int:  9    God:    Trog [****..]
Gold:   973        SH: 13    Dex: 14    Spells: 13/13 levels left

rFire    + . .     SeeInvis +   a - +1 short sword (elec)
rCold    + + .     Faith    .   O - +2 buckler
rNeg     . . .     Spirit   .   C - +3 ring mail
rPois    .         Reflect  +   N - +0 helmet
rElec    .         Harm     .   P - scarf {shadows}
rCorr    .         Rampage  +   T - +0 pair of gloves of Pragmatism {rC++}
Will     ++++.                  I - +1 pair of boots {rampage}
Stlth    ++++++....             h - amulet of reflection
HPRegen  1.25/turn              L - ring of willpower
MPRegen  0.14/turn              Q - ring "Retiju" {rF+ SInv}

@: lethally poisoned (-8 -> -88), berserk cooldown, regenerating, slowed, very
slow
A: small, nightstalker 3
a: Renounce Religion, Berserk, Trog's Hand, Brothers in Arms


You were on level 12 of the Dungeon.
You worshipped Trog.
Trog was greatly pleased with you.
You visited 3 branches of the dungeon, and saw 19 of its levels.
You also visited: Gauntlet.

You collected 973 gold pieces.

Inventory:

Hand Weapons
 a - a +1 short sword of electrocution (weapon)
 b - a +0 short sword of venom
 w - a +1 vampiric dagger
 E - a +0 rapier of freezing
Missiles
 o - 424 stones (quivered)
 M - 7 curare-tipped darts
Armour
 e - a scarf of resistance
 z - +0 acid dragon scales
 C - a +3 ring mail (worn)
 H - a +0 pair of boots
 I - a +1 pair of boots of rampaging (worn)
 N - a +0 helmet (worn)
 O - a +2 buckler (worn)
 P - a scarf of shadows (worn)
 T - the +0 pair of gloves of Pragmatism (worn) {rC++}
   (You found it on level 4 of the Lair of Beasts)

   It greatly protects you from cold.
Jewellery
 h - an amulet of reflection (around neck)
 y - an uncursed ring of fire
 L - a ring of willpower (left hand)
 Q - the ring "Retiju" (right hand) {rF+ SInv}
   (You found it on level 8 of the Dungeon)

   [ring of see invisible]

   It protects you from fire.
   It lets you see invisible.
 R - an uncursed ring of ice
Wands
 j - a wand of acid (5)
 q - a wand of flame (28)
 v - a wand of iceblast (4)
 W - a wand of paralysis (16)
Scrolls
 f - 2 scrolls of blinking
 g - 4 scrolls of immolation
 i - 3 scrolls of identify
 l - 12 scrolls of remove curse
 n - a scroll of acquirement {unknown}
 r - 3 scrolls of enchant armour
 s - 2 scrolls of enchant weapon
 t - 7 scrolls of teleportation
 u - 4 scrolls of fear
 A - 4 scrolls of fog
 K - 2 scrolls of magic mapping
 S - a scroll of brand weapon
Potions
 c - 2 potions of curing
 d - 3 potions of resistance
 k - a potion of magic
 m - a potion of mutation
 p - 7 potions of haste
 x - 4 potions of flight
 B - 4 potions of attraction
 D - 4 potions of invisibility
 F - 3 potions of heal wounds
 G - a potion of ambrosia
 J - a potion of cancellation
Miscellaneous
 V - a box of beasts
 X - a lightning rod (4/4)
 Y - a tin of tremorstones (2/2)


   Skills:
 * Level 13.9 Fighting
 - Level 14.0 Short Blades
 + Level 6.2 Armour
 + Level 12.1 Dodging
 + Level 15.9 Stealth
 - Level 5.6 Shields


You had 13 spell levels left.
You didn't know any spells.
Your spell library was empty.

Dungeon Overview and Level Annotations

Branches:
Dungeon (12/15)            Temple (1/1) D:5            Lair (6/6) D:9
 Shoals (0/4) Lair:2       Spider (0/4) Lair:4          Orc (0/2) D:10
Gauntlet (visited)
  Slime: Lair:5-6

Altars:
Cheibriados
Elyvilon
Fedhas
Hepliaklqana
Kikubaaqudgha
Okawaru
Trog
Vehumet
Lugonu

Shops:
D:7 (?

Portals:
Abyss: D:3

Annotations:
Lair:1 exclusion: downstairs
Lair:3 exclusion: downstairs


Innate Abilities, Weirdness & Mutations

You are small and have problems with some larger weapons.
You are completely attuned to the shadows.


Message History

You puncture the hound! Lightning courses through the hound!
You kill the hound!
Trog accepts your kill.
* * * LOW HITPOINT WARNING * * *
You feel very sick.
A centaur comes into view.
* * * LOW HITPOINT WARNING * * *
You feel very sick.
The centaur shouts!
You feel a strong urge to attack something.
You are no longer berserk.
You are exhausted.
You feel yourself slow down.
* * * LOW HITPOINT WARNING * * *
You feel extremely sick.
The centaur wields a +0 shortbow.
The centaur shoots an arrow.
You reflect the arrow off an invisible shield around you!
The arrow hits the centaur!
You see here a hydra corpse.
You die...

..########.#.....#
............#.....#
.............#.....#
...................#
....................
###.###......P.P....
#)†...#....>.._.....
#)##c.#......P)P....
#..#@................
#.#..†###......+......
..#...# #......##+#+##
.#####.# ...........
...##C.# ...........
##.#.##.# ...........
$.°..# ## .).........
##(#.# ...........
...##.. ..........


You could see a centaur.

Vanquished Creatures
  Gastronok (Lair:1)
  Fannar (Lair:1)
  Erolcha (D:9)
  Josephine (Lair:4)
  2 hydras
  2 two-headed ogres
  5 death yaks
  Nergalle (Lair:1)
  Sonja (D:12)
  An unseen horror (D:11)
  A swamp dragon (shapeshifter) (D:12)
  An ugly thing (D:10)
  A deep elf mage (D:12)
  2 cyclopes
  A manticore (D:12)
  22 elephants
  5 black mambas
  Joseph (D:7)
  7 cane toads
  3 rime drakes
  A gargoyle (D:12)
  4 komodo dragons
  Prince Ribbit (Lair:2)
  A polar bear (Lair:2)
  15 blink frogs
  A snapping turtle (Lair:2)
  4 wraiths
  2 spriggans (Lair:2)
  A human (D:10)
  A human (shapeshifter) (D:12)
  8 wyverns
  33 yaks
  5 basilisks
  Grum (D:9)
  Menkaure (D:5)
  An acid dragon (D:11)
  9 water moccasins
  6 orc warriors
  5 ice beasts
  A hornet zombie (D:8)
  4 ogres
  3 phantoms
  2 centaurs (D:8)
  2 necrophages
  18 wolves
  3 sky beasts
  Blork the orc (D:6)
  11 bullfrogs
  A gnoll sergeant (D:10)
  A wyvern skeleton (D:11)
  3 scorpions
  7 wights
  3 electric eels
  4 howler monkeys
  A bullfrog zombie (D:12)
  3 centaur zombies
  9 hounds
  6 bullfrog skeletons
  3 jellies
  7 orc priests
  10 orc wizards
  Jessica (D:2)
  4 iguanas
  10 worker ants
  A hound zombie (D:6)
  2 hound skeletons
  5 gnolls (D:10)
  8 adders
  A howler monkey skeleton (D:7)
  A shadow imp (D:3)
  4 white imps
  3 ufetubi
  An ooze (D:4)
  2 adder zombies
  An adder skeleton (D:6)
  3 worms
  3 dart slugs
  3 leopard geckos
  37 orcs
  6 bats
  5 giant cockroaches
  9 goblins
  14 hobgoblins
  10 jackals
  8 kobolds
  6 quokkas
  3 ball pythons
  4 frilled lizards
  A giant cockroach zombie (D:6)
  10 rats
  A lurking horror (D:3)
430 creatures vanquished.

Vanquished Creatures (collateral kills)
  A manticore (D:11)
1 creature vanquished.

Vanquished Creatures (others)
  A bush (Lair:5)
  29 fungi
  100 plants
130 creatures vanquished.

Grand Total: 561 creatures vanquished

Notes
Turn   | Place    | Note
-------+----------+-------------------------------------------
     0 | D:1      | nightchill the Kobold Berserker began the quest for the
                  | Orb.
     0 | D:1      | Reached XP level 1. HP: 14/14 MP: 1/1
   179 | D:1      | Reached XP level 2. HP: 19/19 MP: 2/2
   196 | D:1      | Reached skill level 1 in Stealth
   744 | D:1      | Reached XP level 3. HP: 19/23 MP: 3/3
  1069 | D:1      | Reached skill level 5 in Short Blades
  1269 | D:2      | Reached skill level 2 in Stealth
  1343 | D:2      | Reached ** piety under Trog
  1479 | D:2      | Reached XP level 4. HP: 20/29 MP: 4/4
  1851 | D:2      | Noticed Jessica
  1855 | D:2      | Killed Jessica
  1856 | D:2      | Reached XP level 5. HP: 33/33 MP: 5/5
  2022 | D:2      | Reached skill level 3 in Stealth
  2446 | D:3      | Found a one-way gate to the infinite horrors of the Abyss.
  2447 | D:3      | Found a corrupted altar of Lugonu.
  2760 | D:3      | Found a white marble altar of Elyvilon.
  3322 | D:4      | Found a snail-covered altar of Cheibriados.
  3329 | D:4      | Reached XP level 6. HP: 39/39 MP: 6/6
  3413 | D:4      | Reached *** piety under Trog
  3432 | D:3      | Reached skill level 4 in Stealth
  3505 | D:4      | Noticed a phantom
  3515 | D:4      | Killed a phantom
  3516 | D:4      | Reached skill level 5 in Fighting
  3516 | D:4      | Reached XP level 7. HP: 34/44 MP: 7/7
  3973 | D:4      | Reached skill level 5 in Stealth
  4349 | D:5      | Entered Level 5 of the Dungeon
  4459 | D:5      | Reached XP level 8. HP: 50/50 MP: 8/8
  4499 | D:5      | Noticed Menkaure
  4503 | D:5      | Killed Menkaure
  4582 | D:5      | Reached skill level 6 in Stealth
  4610 | D:5      | Found a staircase to the Ecumenical Temple.
  4695 | Temple   | Entered the Ecumenical Temple
  5213 | D:5      | Found a hazy altar of Hepliaklqana.
  5223 | D:5      | Found a bloodstained altar of Trog.
  5233 | D:5      | Found an iron altar of Okawaru.
  5318 | D:5      | Reached skill level 10 in Short Blades
  5707 | D:6      | Reached skill level 7 in Stealth
  5716 | D:6      | Found a radiant altar of Vehumet.
  5764 | D:6      | Reached **** piety under Trog
  5780 | D:6      | Reached XP level 9. HP: 56/56 MP: 9/9
  5965 | D:6      | Noticed Blork the orc
  5977 | D:6      | Killed Blork the orc
  5997 | D:6      | Reached skill level 8 in Stealth
  6827 | D:7      | Noticed Joseph
  6828 | D:7      | Killed Joseph
  7016 | D:7      | Found Wauclu's Antique Weapon Boutique.
  7149 | D:7      | Reached skill level 9 in Stealth
  7655 | D:7      | Found Madebub's Magic Scroll Boutique.
  7838 | D:8      | Noticed a two-headed ogre
  7842 | D:8      | Killed a two-headed ogre
  7843 | D:8      | Reached skill level 1 in Shields
  7843 | D:8      | Reached XP level 10. HP: 64/64 MP: 10/10
  7992 | D:8      | Reached skill level 10 in Stealth
  8227 | D:8      | Got a faintly glowing lead ring
  8817 | D:9      | Noticed Grum
  8819 | D:9      | Killed Grum
  8820 | D:9      | Reached skill level 5 in Dodging
  9155 | D:9      | Noticed Erolcha
  9158 | D:9      | Killed Erolcha
  9158 | D:9      | Reached ***** piety under Trog
  9548 | D:9      | Found a staircase to the Lair.
  9616 | D:9      | Reached skill level 11 in Stealth
  9616 | D:9      | Reached XP level 11. HP: 71/71 MP: 11/11
  9728 | D:10     | Entered Level 10 of the Dungeon
  9804 | Lair:1   | Entered Level 1 of the Lair of Beasts
  9849 | Lair:1   | Noticed Nergalle
  9867 | Lair:1   | Killed Nergalle
 10200 | Lair:1   | Reached skill level 10 in Fighting
 10330 | Lair:1   | Noticed Gastronok
 10347 | Lair:1   | Killed Gastronok
 10348 | Lair:1   | Reached skill level 12 in Stealth
 10348 | Lair:1   | Reached skill level 5 in Shields
 10422 | Lair:1   | Identified the ring "Retiju" {rF+ SInv} (You found it on
                  | level 8 of the Dungeon)
 10645 | Lair:1   | Noticed Fannar
 10648 | Lair:1   | Killed Fannar
 10649 | Lair:1   | Reached XP level 12. HP: 79/79 MP: 12/12
 11156 | Lair:2   | Noticed a death yak
 11157 | Lair:2   | Noticed a death yak
 11173 | Lair:1   | Killed a death yak
 11353 | Lair:2   | Noticed Prince Ribbit
 11565 | Lair:2   | Reached skill level 13 in Stealth
 11611 | Lair:2   | Killed Prince Ribbit
 11796 | Lair:2   | Noticed a death yak
 12222 | Lair:2   | Noticed a four-headed hydra
 12238 | Lair:2   | Killed a four-headed hydra
 12713 | Lair:2   | Found a staircase to the Shoals.
 12796 | Lair:2   | Noticed a death yak
 12831 | Lair:2   | Noticed a death yak
 12865 | Lair:1   | Killed a death yak
 13137 | Lair:1   | Killed a death yak
 13421 | Lair:2   | Killed a death yak
 13422 | Lair:2   | Reached skill level 10 in Dodging
 13422 | Lair:2   | Reached skill level 14 in Stealth
 13422 | Lair:2   | Reached XP level 13. HP: 84/84 MP: 13/13
 13631 | Lair:3   | Received a gift from Trog
 15227 | Lair:4   | Noticed Josephine
 15237 | Lair:4   | Killed Josephine
 15926 | Lair:4   | Got a pair of ancient gloves
 15927 | Lair:4   | Identified the +0 pair of gloves of Pragmatism {rC++} (You
                  | found it on level 4 of the Lair of Beasts)
 16008 | Lair:4   | Reached skill level 15 in Stealth
 16180 | Lair:4   | Found a hole to the Spider Nest.
 16533 | Lair:4   | Reached skill level 5 in Armour
 16973 | Lair:5   | Reached XP level 14. HP: 74/92 MP: 14/14
 17058 | Lair:5   | You fall into a shaft and drop 1 floor!
 17058 | Lair:6   | Entered Level 6 of the Lair of Beasts
 17360 | Lair:5   | Found a gate leading to a gauntlet.
 17389 | Gauntlet | Entered a Gauntlet
 17389 | Gauntlet | Found a transporter.
 17406 | Gauntlet | Found a transporter.
 17417 | Gauntlet | Found a runed translucent door.
 17420 | Gauntlet | Found a transporter.
 17445 | Gauntlet | Found a transporter.
 17455 | Gauntlet | Found a transporter.
 17465 | Gauntlet | Found a transporter.
 17475 | Gauntlet | Found a transporter.
 17484 | Gauntlet | Noticed a reaper
 17503 | Gauntlet | Found the +8 trident of the Octopus King {venom, rElec
                  | rPois Will+}
 17509 | Gauntlet | Found a transporter.
 17541 | Gauntlet | Found a transporter.
 17626 | Gauntlet | Found a transporter.
 17646 | Gauntlet | Found a transporter.
 18942 | Lair:5   | You fall into a shaft and drop 1 floor!
 20018 | D:10     | Found a staircase to the Orcish Mines.
 20481 | D:11     | Found an ancient bone altar of Kikubaaqudgha.
 21344 | D:12     | Noticed Sonja
 21346 | D:12     | Killed Sonja
 21477 | D:12     | Found a blossoming altar of Fedhas.
 21580 | D:12     | HP: 3/95 [poison (poison gas)]
 21581 | D:12     | Succumbed to poison (poison gas)

Illustrated notes

Levels and vault maps discovered:
D:1:      dpeg_arrival_oval, layout_basic, serial_bayou_pond_a
D:2:      layout_loops_ring, corexii_shack, uniq_jessica
D:3:      layout_loops_ring, overflow_temple_1_default,
          amcnicky_altar_lugonu_corruption
D:4:      layout_rooms, lemuel_crystal_altar, minmay_goblin_outpost
D:5:      layout_loops_ring, minmay_overflow_temple_star_quad,
          minmay_temple_entry_water_ring, uniq_menkaure
D:6:      layout_loops_ring, general_overflow_altar, uniq_blork_the_orc
D:7:      lemuel_upstairs_altar, layout_basic, serial_shops, nicolae_shop_trees,
          kennysheep_little_box, hangedman_decor_opposing, st_stairs_1,
          uniq_joseph
D:8:      layout_loops_ring
D:9:      layout_long_grid, lair_entry_dummy, uniq_erolcha, uniq_grum
D:10:     layout_roguey, erik_orc_4
D:11:     layout_basic, serial_corexii_hall, chequers_hall_statues_corner_a,
          chequers_hall_statues_corner_a, chequers_hall_statues_wall_a,
          corexii_hall_statues_x, basic_altar, minmay_fractal_squares_diagonal_5
D:12:     minmay_the_grid_square_5x5_5x5 [minmay_the_grid_square_5x5_inset,
          minmay_the_grid_square_5x5_longway,
          minmay_the_grid_square_5x5_hourglass, minmay_the_grid_square_5x5_z,
          minmay_the_grid_square_5x5_six_small,
          minmay_the_grid_square_5x5_spiral_small,
          minmay_the_grid_square_5x5_prize_deathbox,
          minmay_the_grid_square_5x5_two_walls_a,
          minmay_the_grid_square_5x5_prize_open,
          minmay_the_grid_square_5x5_fancy_junction,
          minmay_the_grid_square_5x5_three, minmay_the_grid_square_5x5_fat_x,
          minmay_the_grid_square_5x5_prize_junk,
          minmay_the_grid_square_5x5_hollow_slash,
          minmay_the_grid_square_5x5_comb, minmay_the_grid_square_5x5_shuriken,
          minmay_the_grid_square_5x5_prize_rear_guard,
          minmay_the_grid_square_5x5_three_small,
          minmay_the_grid_square_5x5_prize_pseudospiral,
          minmay_the_grid_square_5x5_six, minmay_the_grid_square_5x5_n,
          minmay_the_grid_square_5x5_shrine1,
          minmay_the_grid_square_5x5_doubleslash,
          minmay_the_grid_square_5x5_beaten_path,
          minmay_the_grid_square_5x5_inner_v], layout_irregular_city,
          fedhas_altar_1, uniq_sonja, uniq_nessos
Temple:   eino_temple_scatter_basement
Lair:1:   layout_gridlike, grunt_megastairs_5, infiniplex_staircase_pool,
          uniq_nergalle, uniq_fannar, uniq_gastronok
Lair:2:   wad_woods_tower, layout_cave_pods, minmay_shoals_entry_hut,
          serial_bayou_shore_a, uniq_prince_ribbit2
Lair:3:   layout_misc_corridors
Lair:4:   beast_lair_carwin_large_4, layout_cave_pods,
          spider_nest_entry_web_field, grunt_megastairs_2, uniq_josephine
Lair:5:   layout_misc_corridors, gauntlet_entry_generic, lemuel_fruit_fields,
          grunt_megastairs_4
Lair:6:   wormcave, layout_small_grid, guppyfry_lair_end_dragon, slime_altar_1,
          minivault_26

Skill      XL: |  1  2  3  4  5  6  7  8  9 10 11 12 13 14 |
---------------+-------------------------------------------+-----
Stealth        | 1 2 3 4 5 7 9 11 12 14 15 | 15.9
Short Blades   | 5 6 7 8 10 12 13 14 | 14.0
Fighting       | 4 5 6 8 9 10 11 12 13 | 13.9
Dodging        | 3 5 8 10 11 12 | 12.1
Shields        | 1 3 5 |  5.6
Armour         | 3 5 6 |  6.2

Action                   |  1- 3 |  4- 6 |  7- 9 | 10-12 | 13-15 || total
-------------------------+-------+-------+-------+-------+-------++-------
Melee: Short sword       |    97 |   123 |   230 |   441 |   903 ||  1794
Throw: Stone             |       |       |       |     1 |       ||     1
Invok: Berserk           |     2 |     3 |     5 |    13 |    10 ||    33
       Trog's Hand       |       |       |     2 |     6 |    13 ||    21
       Brothers in Arms  |       |       |       |       |     1 ||     1
  Use: Scroll            |       |       |    11 |     9 |    15 ||    35
 Stab: Sleeping          |    10 |    14 |    25 |    30 |    34 ||   113
       Distracted        |       |     1 |     1 |     4 |     4 ||    10
Armor: Animal skin       |    13 |     4 |       |       |       ||    17
       Leather armour    |       |     6 |       |       |       ||     6
       Ring mail         |       |     4 |    22 |    38 |    81 ||   145
Dodge: Dodged            |    61 |    56 |    56 |   100 |   318 ||   591
Block: Buckler           |       |     7 |    37 |   122 |   367 ||   533
       Reflection        |       |       |       |     2 |     5 ||     7
